 Dungeon Crawl Stone Soup version 0.29.1-2-gbd0b4ee654 (webtiles) character file.

Game seed: 15683178715671308371

121 zermelo the Chopper (level 5, -8/27 (41) HPs)
             Began as a Formicid Berserker on Nov 30, 2022.
             Was a Believer of Trog.
             Shot with an arrow by a centaur (11 damage)
             ... on level 4 of the Dungeon.
             The game lasted 00:23:25 (4239 turns).

zermelo the Chopper (Formicid Berserker)            Turns: 4239, Time: 00:23:26

HP:   -8/27 (41)    AC:  9    Str: 24    XL:     5   Next: 26%
MP:   5/5           EV: 12    Int:  6    God:    Trog [**....]
Gold: 91            SH:  0    Dex: 13    Spells: 4/4 levels left

rFire   . . .      SeeInvis +   j - +0 war axe
rCold   . . .      Faith    .   (no shield)
rNeg    . . .      Spirit   .   b - +3 leather armour
rPois   .          Reflect  .   (helmet unavailable)
rElec   .          Harm     .   (no cloak)
rCorr   .          Rampage  .   s - +0 pair of gloves
Will    .....                   o - +1 pair of boots
Stlth   +.........              (no amulet)
HPRegen 0.09/turn               (no ring)
MPRegen 0.09/turn               (no ring)

@: very heavily drained
A: permanent stasis, dig shafts and tunnels, antennae 3, four strong arms
a: Dig, Shaft Self, Renounce Religion, Trog's Hand


You were on level 4 of the Dungeon.
You worshipped Trog.
Trog was pleased with you.
You visited 1 branch of the dungeon, and saw 4 of its levels.

You collected 91 gold pieces.

Inventory:

Hand Weapons
 j - a +0 war axe (weapon)
Missiles
 a - 10 poisoned darts
 k - 29 stones (quivered)
 w - 5 boomerangs
Armour
 b - a +3 leather armour (worn)
 d - a scarf of shadows
 o - a +1 pair of boots (worn)
 r - a +0 ring mail
 s - a +0 pair of gloves (worn)
Wands
 l - a wand of polymorph (7)
Scrolls
 e - a scroll of acquirement {unknown}
 f - 5 scrolls of identify {unknown}
 h - 4 scrolls of noise {unknown}
 p - a scroll of vulnerability {unknown}
 u - a scroll of immolation {unknown}
 v - 2 scrolls of teleportation {unknown}
Potions
 c - a potion of might {unknown}
 g - a potion of attraction {unknown}
 i - a potion of degeneration {unknown}
 m - 2 potions of curing {unknown}
 n - a potion of brilliance {unknown}
 q - a potion of haste {unknown}
 t - a potion of mutation {unknown}


   Skills:
 - Level 3.2 Fighting
 + Level 5.5 Axes
 - Level 2.1 Armour
 - Level 1.7 Dodging


You had 4 spell levels left.
You didn't know any spells.
Your spell library contained the following spells:

 Spells                   Type           Power      Damage    Failure   Level
 Apportation              Tloc           0%         N/A       50%         1
 Necrotise                Necr           0%         1d4       50%         1
 Summon Small Mammal      Summ           0%         N/A       50%         1


Dungeon Overview and Level Annotations

Branches:
Dungeon (4/15)
 Temple: D:4-7

Altars:
Zin

Annotations:
D:3 2 runed translucent doors, Grokii's ghost, weakling MiFi


Innate Abilities, Weirdness & Mutations

You cannot be hasted, slowed, berserked, paralysed or teleported.
You can dig through walls and to a lower floor.
You have a pair of large antennae on your head. (SInv)
Your four strong arms can wield two-handed weapons with a shield.


Message History

Aim: a kobold, wielding a +0 short sword (50% to hit)
You throw a stone. The stone closely misses the kobold.
The kobold hits you but does no damage.
You slash the kobold!
You kill the kobold!
Trog accepts your kill.
Things that are here:
a +0 short sword; a kobold corpse A kobold comes into view.
It is wielding a +0 whip.
The kobold shouts!
The kobold hits you but does no damage.
You slash the kobold!
You kill the kobold!
Trog accepts your kill.
HP restored.
Things that are here:
a +0 whip; a kobold corpse You sense a monster nearby.
A ball python comes into view.
You closely miss the ball python. The ball python barely misses you. x2
The ball python closely misses you. The ball python misses you.
You closely miss the ball python. The ball python bites you.
The ball python grabs you. The ball python constricts you.
You slash the ball python!
You kill the ball python!
Trog accepts your kill.
A centaur comes into view.
Found 11 gold pieces.
The centaur shouts!
The centaur wields a +0 shortbow.
The centaur shoots an arrow.
The arrow hits you.
The centaur shoots an arrow.
The arrow hits you!
The centaur shoots an arrow.
The arrow misses you.
The centaur shoots an arrow.
The arrow hits you.
The centaur shoots an arrow.
The arrow hits you!
* * * LOW HITPOINT WARNING * * *
The centaur shoots an arrow.
The arrow hits you.
* * * LOW HITPOINT WARNING * * *
The centaur shoots an arrow.
The arrow hits you!
You die...

##...#### ####
#.......$
.....##{......#
.......c# .#
.....##.# .# ###
#.# .# #.# .#
#.#####.#
#.c...@.#.#
#.........#
##.####..##
#.####..#
####.......#
#####...#####...
........# ####
.# #####...###
.##.# ##....#


You could see a centaur.

Vanquished Creatures
  4 adders
  2 worms
  4 dart slugs
  4 orcs (D:3)
  4 endoplasms
  A giant cockroach (D:1)
  2 goblins (D:3)
  3 hobgoblins
  4 jackals (D:3)
  3 quokkas
  4 ball pythons
  6 bats
  16 frilled lizards
  9 kobolds
  3 rats
69 creatures vanquished.

Notes
Turn   | Place    | Note
-------+----------+-------------------------------------------
     0 | D:1      | zermelo the Formicid Berserker began the quest for the Orb.
     0 | D:1      | Reached XP level 1. HP: 18/18 MP: 1/1
   442 | D:1      | Reached XP level 2. HP: 13/24 MP: 2/2
  1262 | D:1      | Reached skill level 4 in Axes
  1262 | D:1      | Reached XP level 3. HP: 29/29 MP: 3/3
  1768 | D:2      | Found a faded altar of an unknown god.
  2277 | D:2      | Reached XP level 4. HP: 35/35 MP: 4/4
  2371 | D:2      | Identified the +4 robe of Skepticism {rElec rCorr Str-2
                  | Int+2}
  3118 | D:3      | Reached skill level 5 in Axes
  3255 | D:3      | Reached ** piety under Trog
  3581 | D:3      | Reached XP level 5. HP: 24/26 MP: 5/5
  3731 | D:3      | Found a runed translucent door.
  3770 | D:3      | Noticed Grokii's ghost (weakling MiFi)
  3794 | D:3      | Found a glowing silver altar of Zin.
  3915 | D:3      | Found a runed translucent door.
  4230 | D:4      | Noticed a centaur
  4239 | D:4      | Shot with an arrow by a centaur

Illustrated notes

Levels and vault maps discovered:
D:1:      co_arrival_random_square_maze, layout_rooms, minmay_lizard_pond
D:2:      layout_loops_cross, chequers_ecumenical_altar_simple_redux,
          guppyfry_early_lair_pool
D:3:      layout_loops_ring, zin_scriptorium, ebering_ghost_sewer_f, hex_medium,
          grunt_ministairs_3, eino_tiny_chamber
D:4:      layout_loops_cross, mainiacjoe_overflow_catwalk, serial_bayou_pond_d,
          uniq_blork_the_orc

Skill      XL: |  1  2  3  4 |
---------------+-------------+-----
Axes           | 4 5 |  5.5
Fighting       | |  3.2
Armour         | |  2.1
Dodging        | |  1.7

Action                   |  1- 3 |  4- 6 || total
-------------------------+-------+-------++-------
Melee: Hand axe          |    70 |       ||    70
       War axe           |    45 |    95 ||   140
Throw: Stone             |     1 |     4 ||     5
 Abil: Dig               |       |     2 ||     2
 Stab: Sleeping          |     1 |     1 ||     2
Armor: Animal skin       |    38 |     2 ||    40
       Leather armour    |       |    24 ||    24
       Ring mail         |       |     2 ||     2
Dodge: Dodged            |    72 |    80 ||   152
